Map: Magannatha LE

Players

AnnaDomina - Winner!

  • Race: Protoss Protoss
  • Spawn Location: 11:00

ManlyManMeat

  • Race: Zerg Zerg
  • League: Diamond
  • Spawn Location: 5:00

VOD

Have the link to the VOD?

Description

Time

  • Played on: July 1, 2025, 6:40 a.m.
  • Length: 10:30
Show
View Real Time Build Order
Export as new Build Order

AnnaDomina Protoss - Winner!

Build Orders: Carriers 

Get SALT Encoding   

  12  0:00  Probe  
  13  0:12  Probe  
  14  0:19  Pylon  
  14  0:25  Probe  
  15  0:33  Probe  
  15  0:41  Probe  
  17  0:52  Probe  
  18  1:04  Probe  
  19  1:06  Nexus  
  19  1:15  Forge  
  19  1:20  Probe  
  20  1:32  Gateway  
  20  1:35  Probe  
  20  1:37  Assimilator  
  21  1:45  Pylon  
  21  1:47  Probe  
  22  2:04  Photon Cannon  
  22  2:10  Photon Cannon  
  22  2:11  Pylon  
  21  2:16  Probe  
  21  2:18  Probe  
  23  2:29  Probe  
  24  2:30  Probe  
  25  2:41  Cybernetics Core, Probe  
  25  2:42  Probe  
  27  2:53  Probe  
  27  2:54  Probe  
  27  2:56  Zealot  
  31  3:05  Probe  
  32  3:06  Probe  
  32  3:08  Assimilator  
  33  3:17  Probe  
  33  3:18  Probe  
  35  3:29  Probe  
  35  3:30  Pylon  
  35  3:31  Probe  
  37  3:35  Stargate  
  37  3:36  Assimilator  
  37  3:41  Probe, Adept  
  37  3:44  Photon Cannon  
  37  3:48  Probe  
  41  3:52  Pylon  
  41  3:53  Probe  
  42  4:00  Probe  
  43  4:05  Probe  
  44  4:12  Probe  
  44  4:13  Warp Gate  
  45  4:17  Probe  
  45  4:19  Oracle  
  49  4:24  Probe  
  49  4:26  Nexus  
  49  4:27  Pylon  
  49  4:30  Probe  
  51  4:32  Assimilator  
  51  4:36  Probe  
  52  4:42  Probe  
  53  4:48  Probe  
  54  4:54  Pylon, Probe  
  55  5:01  Probe  
  55  5:04  Photon Cannon  
  55  5:05  Gateway  
  55  5:06  Probe  
  57  5:07  Fleet Beacon, Photon Cannon  
  57  5:13  Probe  
  58  5:18  Probe  
  59  5:22  Stargate  
  59  5:24  Stargate  
  59  5:25  Probe  
  60  5:35  Assimilator  
  60  5:37  Probe  
  60  5:38  Probe  
  60  5:39  Assimilator  
  63  5:42  Probe  
  63  5:51  Carrier  
  63  5:52  Probe  
  70  6:05  Probe  
  70  6:08  Carrier  
  70  6:09  Probe  
  70  6:10  Probe  
  79  6:17  Probe  
  80  6:21  Probe  
  81  6:30  Nexus  
  81  6:31  Pylon, Adept  
  81  6:32  Probe  
  84  6:36  Gateway  
  84  6:38  Probe  
  85  6:40  Pylon  
  85  6:43  Pylon  
  85  6:49  Probe x2  
  85  6:50  Photon Cannon  
  85  6:51  Gateway  
  87  6:54  Pylon  
  87  6:59  Probe  
  88  7:02  Probe  
  88  7:05  Twilight Council  
  89  7:10  Probe  
  89  7:12  Protoss Air Weapons Level 1  
  89  7:13  Probe  
  91  7:22  Probe  
  92  7:23  Probe  
  93  7:32  Photon Cannon  
  93  7:33  Probe  
  93  7:34  Assimilator  
  93  7:36  Assimilator  
  94  7:38  Probe  
  94  7:40  Carrier x2  
  94  7:43  Templar Archives  
  107  7:44  Probe  
  107  7:49  Probe  
  109  7:54  Probe  
  110  7:58  Photon Cannon  
  110  8:00  Probe  
  110  8:02  Pylon  
  110  8:03  Pylon  
  111  8:05  Protoss Ground Weapons Level 1  
  111  8:08  Probe, Charge  
  111  8:10  Probe  
  99  8:29  Probe  
  99  8:32  Probe  
  99  8:33  Carrier  
  104  8:44  Probe x2, Carrier  
  104  8:45  Probe x2  
  114  8:55  Psionic Storm  
  114  8:56  Probe x2  
  114  8:57  Probe x2  
  118  9:08  Probe x2  
  118  9:09  Probe  
  121  9:10  Pylon  
  121  9:13  Pylon  
  121  9:14  Carrier  
  121  9:15  Pylon  
  127  9:23  Probe  
  134  9:39  Probe  
  134  9:42  Probe  
  136  9:47  Sentry  
  136  9:48  Zealot x2  
  136  9:50  Photon Cannon  
  136  9:51  Probe  
  149  9:52  Photon Cannon  
  149  9:54  Photon Cannon  
  149  10:05  Probe  
  153  10:23  Photon Cannon  
  153  10:27  Photon Cannon  
Show
View Real Time Build Order
Export as new Build Order

ManlyManMeat Zerg 

Build Orders: Hatch First 

Get SALT Encoding   

  12  0:00  Drone  
  13  0:09  Drone  
  14  0:15  Extractor  
  14  0:16  Drone  
  15  0:22  Overlord  
  15  0:41  Drone  
  16  0:47  Hatchery  
  15  0:51  Drone  
  15  0:53  Drone  
  17  0:57  Drone  
  18  1:08  Extractor  
  17  1:13  Spawning Pool  
  17  1:15  Drone  
  17  1:21  Drone  
  18  1:26  Drone  
  19  1:37  Drone  
  20  1:59  Queen  
  20  2:01  Queen  
  24  2:02  Zergling x4  
  26  2:13  Drone x2  
  27  2:42  Zergling x2  
  27  2:43  Overlord  
  24  2:53  Drone x2  
  24  2:54  Drone x2  
  27  3:04  Drone  
  28  3:09  Drone  
  28  3:10  Drone, Metabolic Boost  
  30  3:22  Drone x2  
  32  3:29  Drone  
  32  3:30  Drone  
  34  3:38  Hatchery  
  34  3:39  Drone  
  34  3:41  Drone  
  35  3:43  Drone  
  35  4:09  Drone  
  36  4:10  Overlord  
  36  4:11  Overlord  
  36  4:13  Lair  
  36  4:16  Extractor  
  35  4:18  Drone, Baneling Nest, Evolution Chamber  
  35  4:19  Drone x2  
  36  4:30  Drone x5  
  41  4:45  Zergling x14  
  48  4:53  Queen  
  48  4:54  Drone x2  
  52  5:06  Baneling x4  
  52  5:17  Drone x4  
  52  5:18  Overlord x3  
  52  5:19  Zerg Melee Weapons Level 1  
  56  5:23  Centrifugal Hooks  
  56  5:26  Drone x2  
  58  5:35  Queen  
  60  5:47  Spore Crawler  
  60  5:48  Spore Crawler  
  58  5:50  Spore Crawler  
  58  5:55  Zergling x16  
  58  5:56  Zergling x2  
  65  5:57  Evolution Chamber  
  63  6:05  Overseer  
  63  6:08  Pneumatized Carapace  
  63  6:10  Drone x5  
  68  6:11  Drone x2  
  68  6:12  Drone  
  70  6:33  Overlord x4  
  70  6:34  Zergling x10  
  70  6:35  Zergling x2  
  76  6:41  Zerg Ground Armor Level 1  
  76  6:45  Drone x3  
  78  6:57  Zergling x14  
  85  7:06  Zergling x2  
  85  7:07  Zergling x16  
  94  7:13  Zergling x2  
  95  7:17  Hatchery  
  95  7:21  Queen  
  94  7:23  Queen  
  94  7:29  Baneling x8  
  92  7:30  Baneling x2  
  92  7:31  Baneling x2  
  92  7:36  Baneling x2  
  92  7:37  Zergling x8, Baneling x3  
  89  7:57  Spire  
  81  8:32  Zergling x12  
  81  8:33  Zergling x32  
  93  8:41  Zergling x6  
  93  8:43  Hatchery  
  93  8:44  Hatchery  
  93  8:59  Baneling  
  93  9:00  Zergling x6, Baneling x5  
  89  9:20  Corruptor  
  89  9:21  Corruptor  
  91  9:29  Extractor  
  91  9:30  Extractor  
  85  9:44  Corruptor  
  83  9:48  Drone x2  
  83  9:49  Spore Crawler  
  83  9:50  Spore Crawler  
  83  9:51  Spore Crawler x2  
Tags
 
Composition
Carriers
League
Diamond
Matchup
PvZ
Replay Pack
Myownreplay2
Spawn Locations
Cross Positions
Add a new tag
Caveats
  • Supply blocks, unpowered buildings, or Contaminate may cause inaccurate times.
  • Supply counts are checked every 10 seconds.